 Dungeon Crawl Stone Soup version 0.29-a0-676-ga64570c9d2 (webtiles) character file.

Game seed: 5992373917913545495

34 crusatyr the Slasher (level 3, -1/29 HPs)
             Began as a Demonspawn Monk on June 24, 2022.
             Slain by a worm (2 damage)
             ... on level 2 of the Dungeon on June 25, 2022.
             The game lasted 00:02:19 (1505 turns).

crusatyr the Slasher (Demonspawn Monk)              Turns: 1505, Time: 00:02:19

Health: -1/29      AC:  2    Str: 13    XL:     3   Next: 14%
Magic:  3/3        EV: 12    Int: 11    God:
Gold:   84         SH:  0    Dex: 15    Spells: 2/2 levels left

rFire   . . .      SeeInvis .   g - +2 flail (drain)
rCold   . . .      Faith    .   (no shield)
rNeg    . . .      Spirit   .   b - +0 robe
rPois   .          Reflect  .   (no helmet)
rElec   .          Harm     .   (no cloak)
rCorr   .          Rampage  .   (no gloves)
Will    .....                   (no boots)
Stlth   ++........              (no amulet)
HPRegen 0.09/turn               (no ring)
MPRegen 0.08/turn               (no ring)

@: no status effects
A: hooves 1, ignite blood 1
a: no special abilities


You were on level 2 of the Dungeon.
You visited 1 branch of the dungeon, and saw 2 of its levels.

You collected 84 gold pieces.

Inventory:

Hand Weapons
 a - a +0 falchion
 g - a +2 flail of draining (weapon)
Missiles
 d - 3 boomerangs (quivered)
 j - 2 atropa-tipped darts
Armour
 b - a +0 robe (worn)
Jewellery
 i - an amulet of the acrobat
Scrolls
 e - a scroll of immolation {unknown}
 h - a scroll of amnesia {unknown}
Potions
 c - a potion of ambrosia
 f - a potion of flight {unknown}


   Skills:
 - Level 3.0 Fighting
 - Level 3.6 Long Blades
 * Level 1.1 Maces & Flails
 - Level 2.6 Dodging
 - Level 1.7 Stealth


You had 2 spell levels left.
You didn't know any spells.
Your spell library was empty.

Dungeon Overview and Level Annotations

Branches:
Dungeon (2/15)

Altars:

Shops:
D:1 [


Innate Abilities, Weirdness & Mutations

You have large cloven feet.
Your demonic aura sometimes causes spilled blood to erupt in flames.


Message History

The frilled lizard barely misses you.
You sock the frilled lizard!
You kill the frilled lizard!
Found a scroll labelled UZAOSO BIENURPH.
You see here a bat corpse.
You barely miss the worm. You kick the worm.
The worm is lightly wounded.
You barely miss the worm.
The worm is lightly wounded.
The worm bites you.
You barely miss the worm. You kick the worm.
The worm is moderately wounded.
The worm bites you!
You are too injured to fight recklessly!
You are too injured to fight recklessly!
You are too injured to fight recklessly!
You are too injured to fight recklessly!
You are too injured to fight recklessly!
You are too injured to fight recklessly!
You are too injured to fight recklessly!
You barely miss the worm. You kick the worm.
The worm is moderately wounded.
The worm bites you!
* * * LOW HITPOINT WARNING * * *
You hit the worm but do no damage. You drain the worm.
The worm is moderately wounded.
The worm barely misses you.
You barely miss the worm. Your kick misses the worm.
The worm is moderately wounded.
The worm bites you.
* * * LOW HITPOINT WARNING * * *
You barely miss the worm. You kick the worm, but do no damage.
The worm is moderately wounded.
You hit the worm. You drain the worm. Your kick misses the worm.
The worm is heavily wounded.
The worm barely misses you.
You hit the worm. You kick the worm, but do no damage.
The worm is heavily wounded.
The worm bites you.
You die...

....... .?.....
....... ....... #
....... #. .......
. #.#######w......
...#.......@...###
...................
..##.†<.......####
#.#.######## # #.(
#.#. #.#.# #.# #
#.#


You could see a worm (very drained).

Vanquished Creatures
  A gnoll (D:1)
  A dart slug (D:1)
  2 ball pythons (D:1)
  3 bats
  2 endoplasms (D:1)
  A giant cockroach (D:1)
  2 goblins (D:1)
  2 hobgoblins
  A kobold (D:1)
  A quokka (D:1)
  3 frilled lizards
  2 rats (D:1)
21 creatures vanquished.

Notes
Turn   | Place    | Note
-------+----------+-------------------------------------------
     0 | D:1      | crusatyr the Demonspawn Monk began the quest for the Orb.
     0 | D:1      | Reached XP level 1. HP: 18/18 MP: 1/1
    78 | D:1      | Found a faded altar of an unknown god.
   163 | D:1      | Found Emen's Armour Shop.
   486 | D:1      | Gained mutation: Your demonic aura sometimes causes spilled
                  | blood to erupt in flames. [demonic ancestry]
   486 | D:1      | Reached XP level 2. HP: 24/24 MP: 2/2
   803 | D:1      | Gained mutation: You have large cloven feet. [demonic
                  | ancestry]
   803 | D:1      | Reached XP level 3. HP: 18/29 MP: 3/3
  1488 | D:2      | Reached skill level 1 in Maces & Flails
  1502 | D:2      | HP: 1/29 [worm (2)]
  1505 | D:2      | Slain by a worm

Illustrated notes

Levels and vault maps discovered:
D:1:      minmay_arrival_wavy_path, layout_basic,
          shapermc_ecumenical_altar_mp_highgroup, serial_shops,
          nicolae_shop_behind_doors, serial_forest, infiniplex_forest_lined_3,
          infiniplex_forest_clump_long, infiniplex_forest_clump_small,
          infiniplex_forest_join
D:2:      cheibrodos_old_hovel, layout_basic, grunt_ministairs_13, minivault_19

Skill      XL: |  1  2  3 |
---------------+----------+-----
Long Blades    | 3 |  3.6
Maces & Flails | 1 |  1.1
Fighting       | |  3.0
Dodging        | |  2.6
Stealth        | |  1.7

Action                   || total
-------------------------++-------
Melee: Falchion          ||    22
       Flail             ||    29
       Kick              ||     5
 Stab: Sleeping          ||     6
Armor: Robe              ||     3
Dodge: Dodged            ||    20

Table legend: (Time is in decaauts)
 A = Elapsed time spent in this place.
 B = Non-inter-level travel time spent in this place.
 C = Inter-level travel time spent in this place.
 D = Time resting spent in this place.
 E = Time spent auto-exploring this place.
 F = Levels seen in this place.
 G = Mean time per level.
                   A        B        C        D        E       F      G
               +--------+--------+--------+--------+--------+-----+--------+
         Total |   1517 |   1456 |     61 |      0 |   1293 |   2 |  758.5 |
       Dungeon |   1517 |   1456 |     61 |      0 |   1293 |   2 |  758.5 |
               +--------+--------+--------+--------+--------+-----+--------+

Top non-repeatable levels by time:
     D:1: 1487 daAuts
     D:2: 29 daAuts
